 Dungeon Crawl Stone Soup version 0.31-a0-232-gb1c03b2570 (webtiles) character file.

Game seed: 8509150743457961910

14366 qw the Marksminotaur (level 11, -4/101 HPs)
             Began as a Minotaur Hexslinger on July 7, 2023.
             Was an Elder of Okawaru.
             Killed from afar by an electric eel (12 damage)
             ... with a bolt of electricity
             ... on level 1 of the Lair of Beasts.
             The game lasted 00:04:14 (8540 turns).

qw the Marksminotaur (Minotaur Hexslinger)          Turns: 8540, Time: 00:04:15

Health: -4/101     AC:  6    Str: 14    XL:     11   Next: 87%
Magic:  14/14      EV: 20    Int: 10    God:    Okawaru [****..]
Gold:   238        SH:  5    Dex: 16    Spells: 11/12 levels left

rFire   . . .        Y - +0 orcbow
rCold   . . .        (shield currently unavailable)
rNeg    . . .        f - +0 troll leather armour {Pargi}
rPois   .            (helmet restricted)
rElec   .            m - +1 cloak
rCorr   .            (no gloves)
SInv    .            (no boots)
Will    .....        a - amulet of reflection
Stlth   +            d - +5 ring of evasion
HPRegen 1.16/turn    (no ring)
MPRegen 0.14/turn

%: reflection
@: no status effects
A: horns 2, retaliatory headbutt
a: Renounce Religion, Heroism, Finesse


You were on level 1 of the Lair of Beasts.
You worshipped Okawaru.
Okawaru was greatly pleased with you.
You visited 3 branches of the dungeon, and saw 11 of its levels.
You also visited: Sewer.

You collected 414 gold pieces.
You spent 176 gold pieces at shops.


Innate Abilities, Weirdness & Mutations

You have a pair of horns on your head.
You reflexively headbutt those who attack you in melee.


   Skills:
 + Level 10.4 Fighting
 - Level 16.0 Ranged Weapons
 - Level 3.4 Armour
 - Level 7.1 Dodging
 - Level 1.0 Spellcasting
 - Level 2.0 Hexes
 + Level 5.8 Invocations


You had 11 spell levels left.
You knew the following spells:

 Your Spells              Type           Power      Damage    Failure   Level
a - Slow                  Hex            16%        N/A       19%         1

Your spell library contained the following spells:

 Spells                   Type           Power      Damage    Failure   Level
 Inner Flame              Hex/Fire       2%         N/A       63%         3
 Portal Projectile        Hex/Tloc       4%         N/A       63%         3
 Cause Fear               Hex            2%         N/A       88%         4

Inventory:

Hand Weapons
 Y - a +0 orcbow (weapon)
Armour
 f - a +0 troll leather armour (worn) {Pargi}
 m - a +1 cloak (worn)
Jewellery
 a - an amulet of reflection (around neck)
 d - a +5 ring of evasion (left hand)
 l - a ring of ice
Scrolls
 c - a scroll of identify
Potions
 b - 2 potions of enlightenment
 e - a potion of magic {unknown}
 g - 7 potions of curing
 h - a potion of might
 i - 2 potions of haste
 j - a potion of mutation
 k - a potion of berserk rage {unknown}

Dungeon Overview and Level Annotations

Branches:
Dungeon (8/15)             Temple (1/1) D:5            Lair (2/5) D:8
  Sewer (visited)
  Swamp: Lair:2-3    Shoals: Lair:2-3     Snake: Lair:2-3    Spider: Lair:2-3

Altars:
Ashenzari
Cheibriados
Dithmenos
Elyvilon
Fedhas
Gozag
Hepliaklqana
Kikubaaqudgha
Makhleb
Nemelex Xobeh
Okawaru
Qazlal
Ru
Trog
Uskayaw
Vehumet
Wu Jian
Xom
Yredelemnul
Zin
The Shining One

Shops:
D:1 !   D:3 (   D:5 !   D:7 *   D:8 :

Annotations:
D:8 exclusion: 2 wolves
Lair:1 exclusions: basilisk and 3 electric eels


Message History

The electric eel shoots out a bolt of lightning at you!
The bolt of electricity hits you! x2
The electric eel shoots out a bolt of lightning at you!
The bolt of electricity hits you!
You feel like a meek peon again.
The electric eel shoots out a bolt of lightning at you!
The bolt of electricity hits you! x2
The electric eel shoots out a bolt of lightning at you!
The bolt of electricity hits you!
You turn to flesh and can move again.
Enter note:
Enter note:
Enter note:
Enter note:
Enter note:
Enter note:
Enter note:
Enter note:
Enter note:
Enter note:
Enter note:
Enter note:
Enter note:
Enter note: The electric eel shoots out a bolt of lightning at you!
The bolt of electricity hits you! x2
The electric eel shoots out a bolt of lightning at you!
The bolt of electricity hits you!
Enter note:
Enter note:
Enter note:
Enter note:
Enter note:
Enter note:
Enter note:
Enter note:
Enter note: The electric eel shoots out a bolt of lightning at you!
The bolt of electricity hits you!
You die...

.......#.# ## ##.######
.......#.##. ##........
........... . #..#
..........####.# #..#
~$........ ..#.# #..##
~~~......# ....# #...#
~=~~.....###.#.####..#####
S.l~S....##..........# #..
.).~~....@.#..######.###.#
>.~S~....#.)..######..##.#
~~~......##..........###.#
..~......###>..#P.###.##.#
........###...######......
........# #..## #.....#
.......####...## #.....#
.....# #.....# #?....#
##.#P.## ###...##


You could see a basilisk and 2 electric eels.

Vanquished Creatures
  Gastronok (D:8)
  Fannar (Lair:1)
  A hydra (Lair:1)
  A catoblepas (Lair:1)
  Amaemon (Lair:1)
  Pikel (D:6)
  2 black mambas
  An orange demon (Lair:1)
  Maggie (D:6)
  A rime drake (Lair:1)
  2 cane toads (Lair:1)
  2 komodo dragons
  Grinder (D:6)
  Prince Ribbit (D:8)
  5 blink frogs (Lair:2)
  12 yaks (Lair:1)
  A basilisk (Lair:2)
  Eustachio (D:4)
  Grum (D:8)
  4 water moccasins
  A black bear (Lair:1)
  Pargi (Sewer)
  5 orc warriors
  2 ice beasts
  A sky beast (D:7)
  12 wolves
  3 ogres
  A centaur (D:5)
  A phantom (D:4)
  3 lemures (D:6)
  3 bullfrogs
  3 scorpions
  3 necrophages (D:6)
  A wyvern zombie (D:6)
  7 wights
  An electric eel (Lair:1)
  A vampire bat (D:4)
  2 jellies
  2 centaur zombies (D:6)
  A human zombie (D:6)
  2 hounds
  3 orc priests
  2 iguanas (D:5)
  2 sleepcaps
  6 orc wizards
  A killer bee zombie (D:6)
  2 mummies (D:6)
  An adder (D:5)
  A white imp (D:5)
  2 ufetubi
  2 worms (D:5)
  3 dart slugs (D:1)
  21 orcs
  11 bats
  5 endoplasms
  2 giant cockroaches (D:2)
  10 goblins
  8 hobgoblins
  3 jackals
  2 quokkas (D:2)
  A ball python (D:3)
  5 frilled lizards
  7 kobolds
  4 rats
201 creatures vanquished.

Notes
Turn   | Place    | Note
-------+----------+-------------------------------------------
     0 | D:1      | qw the Minotaur Hexslinger began the quest for the Orb.
     0 | D:1      | Reached XP level 1. HP: 16/16 MP: 1/1
     0 | D:1      | 0 ||| qw: Version: 0.3-a-46-gb1f654a
     0 | D:1      | 0 ||| qw: Game counter: 2871
     0 | D:1      | 0 ||| qw: Melee chars always use a shield: true
     0 | D:1      | 0 ||| qw: God list: Okawaru
     0 | D:1      | 0 ||| qw: Allow faded altars: false
     0 | D:1      | 0 ||| qw: Do Orc after clearing Dungeon:15 true
     0 | D:1      | 0 ||| qw: Do second Lair branch before Depths: true
     0 | D:1      | 0 ||| qw: Lair rune preference: random
     0 | D:1      | 0 ||| qw: Goals: Normal
     0 | D:1      | 0 ||| PLANNING D:1-11
   122 | D:1      | Reached skill level 3 in Ranged Weapons
   122 | D:1      | Reached XP level 2. HP: 23/23 MP: 2/2
   402 | D:1      | Found Ucejetz's Distillery.
   413 | D:1      | 413 ||| SHOPLISTING 2 potions of haste (260 gold, have 29).
   413 | D:1      | 413 ||| SHOPLISTING 2 potions of heal wounds (130 gold,
                  | have 29).
   413 | D:1      | 413 ||| SHOPLISTING potion of curing (39 gold, have 29).
   413 | D:1      | 413 ||| SHOPLISTING potion of haste (130 gold, have 29).
   535 | D:1      | Reached XP level 3. HP: 29/29 MP: 3/3
   618 | D:1      | 618 ||| UPGRADING to +5 ring of evasion.
   619 | D:1      | 619 ||| READING scroll labelled AHEBBI IGITS.
   620 | D:1      | 620 ||| READING scroll labelled BOEKUMN DYIXU.
   621 | D:1      | 621 ||| DROPPING scroll of poison.
   790 | D:2      | You fall into a shaft and drop 1 floor!
   874 | D:3      | Found Onikuepats's Weapon Boutique.
  1173 | D:3      | 1173 ||| UPGRADING to +0 leather armour.
  1183 | D:3      | 1183 ||| DROPPING +0 robe.
  1184 | D:3      | 1184 ||| READING scroll labelled HEN WOESOCAQAI.
  1185 | D:3      | 1185 ||| READING scroll labelled OBBOUPRI ACILA.
  1186 | D:3      | 1186 ||| READING scroll labelled YLEAJI ZEUCH.
  1195 | D:2      | Found a faded altar of an unknown god.
  1420 | D:2      | Reached skill level 4 in Ranged Weapons
  1918 | D:2      | 1918 ||| DROPPING ring of flight.
  1919 | D:2      | 1919 ||| READING scroll labelled BASHRE QICW.
  1922 | D:2      | 1922 ||| READING scroll labelled TOGUZI FIRIA.
  1923 | D:2      | 1923 ||| READING scroll labelled NEGOSE ECYSK.
  1924 | D:2      | 1924 ||| READING 2 scrolls of identify.
  1924 | D:2      | 1924 ||| IDENTIFYING grey potion
  1925 | D:2      | 1925 ||| DROPPING potion of attraction.
  2086 | D:3      | 2086 ||| Stepping ~*~*~tactically~*~*~ (outnumbered).
  2089 | D:3      | Reached XP level 4. HP: 36/36 MP: 4/4
  2097 | D:3      | Reached skill level 5 in Ranged Weapons
  2238 | D:3      | Found a burning altar of Makhleb.
  2511 | D:3      | 2511 ||| READING scroll labelled MAANUL JALYA.
  2540 | D:4      | Reached skill level 3 in Fighting
  2540 | D:4      | Reached XP level 5. HP: 45/45 MP: 5/5
  2687 | D:4      | Noticed a phantom
  2704 | D:4      | Killed a phantom
  2705 | D:4      | Reached skill level 6 in Ranged Weapons
  2879 | D:4      | Found a sacrificial altar of Ru.
  2951 | D:4      | Noticed Eustachio
  2963 | D:4      | Killed Eustachio
  2964 | D:4      | Reached XP level 6. HP: 48/56 MP: 6/6
  3196 | D:4      | 3196 ||| READING scroll labelled GYSAXTO IKHU.
  3197 | D:4      | 3197 ||| DRINKING 2 orange potions.
  3237 | D:5      | Entered Level 5 of the Dungeon
  3399 | D:5      | Found an ancient bone altar of Kikubaaqudgha.
  3582 | D:5      | Found Owusupra's Distillery.
  3588 | D:5      | 3588 ||| BUYING potion of curing (33 gold).
  3588 | D:5      | Bought a potion of curing for 33 gold pieces
  3588 | D:5      | 3588 ||| BUYING potion of curing (33 gold).
  3588 | D:5      | Bought a potion of curing for 33 gold pieces
  3588 | D:5      | 3588 ||| BUYING potion of haste (110 gold).
  3588 | D:5      | Bought a potion of haste for 110 gold pieces
  3588 | D:5      | 3588 ||| SHOPLISTING potion of haste (110 gold, have 11).
  3588 | D:5      | 3588 ||| SHOPLISTING potion of might (44 gold, have 11).
  3620 | D:5      | Reached skill level 7 in Ranged Weapons
  3620 | D:5      | Reached XP level 7. HP: 61/61 MP: 7/7
  3723 | D:5      | 3723 ||| SWAPPING to +0 shortbow.
  3724 | D:5      | 3724 ||| DROPPING +2 sling of electrocution.
  3737 | D:5      | Reached skill level 8 in Ranged Weapons
  3776 | D:5      | Reached skill level 1 in Armour
  3791 | D:5      | Found a staircase to the Ecumenical Temple.
  3792 | D:5      | 3792 ||| PLANNING TEMPLE
  3792 | D:5      | 3792 ||| UPGRADING to amulet of the acrobat.
  3797 | D:5      | 3797 ||| READING 2 scrolls of identify.
  3797 | D:5      | 3797 ||| IDENTIFYING purple potion
  3798 | D:5      | 3798 ||| DROPPING potion of ambrosia.
  3807 | Temple   | Entered the Ecumenical Temple
  3828 | Temple   | 3828 ||| PLANNING OKAWARU WORSHIP
  4002 | Temple   | Became a worshipper of Warmaster Okawaru
  4003 | Temple   | 4003 ||| PLANNING D:1-11
  4398 | D:6      | 4398 ||| PLANNING SEWER
  4399 | D:6      | Found a glowing drain.
  4400 | D:6      | Noticed Maggie
  4423 | D:6      | Killed Maggie
  4424 | D:6      | Reached XP level 8. HP: 38/68 MP: 8/8
  4425 | D:6      | 4425 ||| FLEEEEING.
  4427 | D:6      | 4427 ||| FLEEEEING.
  4428 | D:6      | 4428 ||| STAIRDANCE
  4524 | D:6      | 4524 ||| STAIRDANCE
  4656 | D:6      | 4656 ||| UPGRADING to +0 steam dragon scales.
  4666 | D:6      | 4666 ||| DROPPING +0 leather armour.
  4678 | Sewer    | Entered a sewer
  4684 | Sewer    | 4684 ||| Stepping ~*~*~tactically~*~*~ (water).
  4724 | Sewer    | Noticed Pargi
  4749 | Sewer    | Killed Pargi
  4816 | Sewer    | 4816 ||| UPGRADING to +0 troll leather armour {Pargi}.
  4826 | Sewer    | 4826 ||| DROPPING +0 steam dragon scales.
  4844 | D:6      | 4844 ||| PLANNING D:1-11
  4899 | D:6      | Noticed Grinder
  4912 | D:6      | Paralysed by Grinder for 4 turns
  4927 | D:6      | Killed Grinder
  4927 | D:6      | Reached * piety under Okawaru
  4928 | D:6      | Reached skill level 9 in Ranged Weapons
  4990 | D:6      | Reached skill level 1 in Invocations
  5139 | D:6      | Found a shadowy altar of Dithmenos.
  5288 | D:6      | Found a white marble altar of Elyvilon.
  5312 | D:6      | 5312 ||| INVOKING Heroism.
  5313 | D:6      | 5313 ||| Stepping ~*~*~tactically~*~*~ (outnumbered).
  5332 | D:6      | 5332 ||| INVOKING Heroism.
  5337 | D:6      | Reached skill level 6 in Fighting
  5409 | D:6      | 5409 ||| FLEEEEING.
  5410 | D:6      | 5410 ||| FLEEEEING.
  5416 | D:6      | 5416 ||| INVOKING Heroism.
  5436 | D:6      | Reached skill level 3 in Invocations
  5450 | D:6      | 5450 ||| SWAPPING to +0 orcbow.
  5451 | D:6      | 5451 ||| DROPPING +0 shortbow.
  5602 | D:6      | Found a basalt altar of Yredelemnul.
  5616 | D:6      | Reached XP level 9. HP: 72/75 MP: 10/10
  5622 | D:6      | Reached skill level 10 in Ranged Weapons
  5635 | D:6      | 5635 ||| INVOKING Heroism.
  5671 | D:6      | 5671 ||| INVOKING Heroism.
  5742 | D:6      | 5742 ||| INVOKING Heroism.
  5811 | D:6      | Noticed Pikel
  5812 | D:6      | 5812 ||| INVOKING Heroism.
  5824 | D:6      | Killed Pikel
  5824 | D:6      | Reached ** piety under Okawaru
  5825 | D:6      | Reached skill level 11 in Ranged Weapons
  6004 | D:6      | 6004 ||| READING scroll labelled CEADIOLOWN.
  6005 | D:6      | 6005 ||| DRINKING 2 smoky clear potions.
  6006 | D:6      | 6006 ||| READING 2 scrolls of identify.
  6006 | D:6      | 6006 ||| IDENTIFYING fuming pink potion
  6007 | D:6      | 6007 ||| DROPPING potion of invisibility.
  6248 | D:7      | 6248 ||| INVOKING Heroism.
  6255 | D:7      | Reached skill level 12 in Ranged Weapons
  6386 | D:7      | Found a glowing golden altar of the Shining One.
  6404 | D:7      | Found a broken altar of Ashenzari.
  6564 | D:7      | Found Diurodgh's Neck Hole.
  6585 | D:7      | 6585 ||| SHOPLISTING scarf of resistance (384 gold, have
                  | 217).
  6648 | D:7      | 6648 ||| UPGRADING to +0 cloak.
  6653 | D:7      | 6653 ||| READING scroll of enchant armour.
  6653 | D:7      | 6653 ||| ENCHANTING +0 cloak.
  6654 | D:7      | 6654 ||| READING scroll labelled IMOESTOMOD.
  6655 | D:7      | 6655 ||| READING 4 scrolls of identify.
  6655 | D:7      | 6655 ||| IDENTIFYING fuming red potion
  6656 | D:7      | 6656 ||| READING 3 scrolls of identify.
  6656 | D:7      | 6656 ||| IDENTIFYING glowing sapphire potion
  6657 | D:7      | 6657 ||| READING 2 scrolls of identify.
  6657 | D:7      | 6657 ||| IDENTIFYING fizzy inky potion
  6658 | D:7      | 6658 ||| DROPPING potion of degeneration.
  6697 | D:8      | 6697 ||| PLANNING OSSUARY
  6697 | D:8      | Noticed Prince Ribbit
  6700 | D:8      | 6700 ||| INVOKING Heroism.
  6719 | D:8      | Killed Prince Ribbit
  6772 | D:8      | 6772 ||| INVOKING Heroism.
  6777 | D:8      | 6777 ||| Stepping ~*~*~tactically~*~*~ (outnumbered).
  6791 | D:8      | Reached XP level 10. HP: 67/89 MP: 10/12
  6846 | D:8      | 6846 ||| INVOKING Heroism.
  6878 | D:8      | Noticed Gastronok
  6879 | D:8      | 6879 ||| INVOKING Heroism.
  6900 | D:8      | 6900 ||| INVOKING Heroism.
  6904 | D:8      | Killed Gastronok
  6904 | D:8      | Reached *** piety under Okawaru
  6905 | D:8      | Reached skill level 13 in Ranged Weapons
  7064 | D:8      | Noticed Grum
  7065 | D:8      | 7065 ||| INVOKING Heroism.
  7066 | D:8      | 7066 ||| UPGRADING to amulet of reflection.
  7076 | D:8      | 7076 ||| DROPPING amulet of the acrobat.
  7077 | D:8      | 7077 ||| DROPPING amulet of magic regeneration.
  7078 | D:8      | 7078 ||| DRINKING 2 viscous silvery potions.
  7079 | D:8      | 7079 ||| READING 3 scrolls of identify.
  7079 | D:8      | 7079 ||| IDENTIFYING red potion
  7080 | D:8      | 7080 ||| READING 2 scrolls of identify.
  7080 | D:8      | 7080 ||| IDENTIFYING black potion
  7081 | D:8      | 7081 ||| DROPPING potion of brilliance.
  7083 | D:8      | Found Yvautwuest's Book Shoppe.
  7093 | D:8      | 7093 ||| INVOKING Heroism.
  7106 | D:8      | HP: 19/89 [wolf[Grum] (8)]
  7107 | D:8      | 7107 ||| DRINKING potion of heal wounds.
  7112 | D:8      | Reached skill level 9 in Fighting
  7113 | D:8      | HP: 21/91 [Grum/-1 spear of venom (6)]
  7118 | D:8      | HP: 15/91 [poisoned by Grum]
  7123 | D:8      | Killed Grum
  7124 | D:8      | Reached skill level 3 in Armour
  7124 | D:8      | HP: 14/91 [poisoned by Grum]
  7205 | D:8      | Found a staircase to the Lair.
  7237 | D:8      | Found an ornate altar of the Wu Jian Council.
  7262 | D:8      | 7262 ||| INVOKING Heroism.
  7311 | D:8      | Found a sparkling altar of Nemelex Xobeh.
  7319 | D:8      | 7319 ||| INVOKING Heroism.
  7388 | D:8      | 7388 ||| RIP OSSUARY
  7389 | D:8      | 7389 ||| PLANNING LAIR
  7396 | Lair:1   | Entered Level 1 of the Lair of Beasts
  7435 | Lair:1   | Noticed a five-headed hydra
  7436 | Lair:1   | 7436 ||| INVOKING Heroism.
  7449 | Lair:1   | Killed a five-headed hydra
  7491 | Lair:1   | 7491 ||| INVOKING Heroism.
  7553 | Lair:1   | Noticed a black mamba
  7554 | Lair:1   | 7554 ||| INVOKING Heroism.
  7563 | Lair:1   | Killed a black mamba
  7564 | Lair:1   | Reached skill level 14 in Ranged Weapons
  7609 | Lair:1   | 7609 ||| INVOKING Heroism.
  7636 | Lair:1   | Reached XP level 11. HP: 97/97 MP: 13/13
  7667 | Lair:1   | 7667 ||| INVOKING Heroism.
  7687 | Lair:1   | Noticed a catoblepas
  7694 | Lair:1   | 7694 ||| Stepping ~*~*~tactically~*~*~ (cloud).
  7695 | Lair:1   | 7695 ||| INVOKING Heroism.
  7696 | Lair:1   | 7696 ||| Stepping ~*~*~tactically~*~*~ (cloud).
  7708 | Lair:1   | 7708 ||| Stepping ~*~*~tactically~*~*~ (cloud).
  7710 | Lair:1   | 7710 ||| INVOKING Heroism.
  7711 | Lair:1   | Killed a catoblepas
  7792 | Lair:1   | 7792 ||| INVOKING Heroism.
  7869 | Lair:1   | You fall into a shaft and drop 1 floor!
  7870 | Lair:2   | 7870 ||| INVOKING Heroism.
  7886 | Lair:2   | Reached **** piety under Okawaru
  7921 | Lair:2   | 7921 ||| DRINKING potion of cancellation.
  8002 | Lair:2   | 8002 ||| INVOKING Heroism.
  8030 | Lair:2   | 8030 ||| INVOKING Heroism.
  8044 | Lair:2   | Reached skill level 15 in Ranged Weapons
  8059 | Lair:2   | 8059 ||| INVOKING Heroism.
  8092 | Lair:1   | 8092 ||| INVOKING Heroism.
  8124 | Lair:1   | Noticed Amaemon
  8134 | Lair:1   | 8134 ||| INVOKING Heroism.
  8147 | Lair:1   | HP: 13/101 [rime drake/icy flash freeze (25)]
  8148 | Lair:1   | 8148 ||| READING scroll of teleportation.
  8152 | Lair:1   | HP: 11/101 [poisoned by Amaemon]
  8312 | Lair:1   | 8312 ||| INVOKING Heroism.
  8323 | Lair:1   | Killed Amaemon
  8432 | Lair:1   | 8432 ||| INVOKING Heroism.
  8440 | Lair:1   | Noticed Fannar
  8441 | Lair:1   | 8441 ||| Stepping ~*~*~tactically~*~*~ (outnumbered).
  8469 | Lair:1   | Killed Fannar
  8470 | Lair:1   | Reached skill level 16 in Ranged Weapons
  8525 | Lair:1   | 8525 ||| INVOKING Heroism.
  8539 | Lair:1   | HP: 15/101 [electric eel/bolt of electricity (11)]
  8539 | Lair:1   | HP: 7/101 [electric eel/bolt of electricity (8)]
  8540 | Lair:1   | Killed from afar by an electric eel

Levels and vault maps discovered:
D:1:      dpeg_arrival_tiny_a, layout_basic, serial_shops,
          nicolae_shop_industrial_runoff, minmay_tetromino_i2
D:2:      layout_basic, chequers_ecumenical_altar_simple, minmay_cupped
D:3:      layout_basic, mainiacjoe_overflow_alcove_2, serial_shops,
          nicolae_shop_peninsula
D:4:      layout_basic, kennysheep_mini, roderic_batcave, uniq_eustachio
D:5:      layout_loops_corners, overflow_temple_1_default,
          minmay_temple_entry_enclosed_plants, serial_shops, shop
D:6:      layout_loops_corners, lemuel_mausoleum_altar_yredelemnul,
          nicolae_overflow_crystal_walls, lemuel_doored_altar,
          cheibrodos_sewer_entry_bend, uniq_pikel, uniq_maggie, uniq_grinder
D:7:      corexii_shack_village, layout_basic, kennysheep_mini_moat,
          mainiacjoe_overflow_concentric_impassable,
          nicolae_shop_sticking_my_neck_out
D:8:      nicolae_cairo_tiling_large_dashed, layout_rooms, lemuel_round_altar,
          mainiacjoe_overflow_two_lobes, lair_entry_dummy, serial_shops,
          nicolae_shop_statue_plus, gup_ossuary_entry_pyramid, uniq_gastronok,
          uniq_grum, uniq_prince_ribbit1
Temple:   nicolae_temple_bog_church
Lair:1:   layout_loops_ring, disabler_island, infiniplex_staircase_pool_2,
          lemuel_fruit_tree, uniq_amaemon, uniq_fannar
Lair:2:   layout_gridlike, nicolae_swamp_entry_spooky, lemuel_another_geyser

Skill      XL: |  1  2  3  4  5  6  7  8  9 10 11 |
---------------+----------------------------------+-----
Ranged Weapons | 3 4 5 6 7 8 9 12 14 16 | 16.0
Fighting       | 2 3 5 6 8 9 10 | 10.4
Armour         | 1 2 3 |  3.4
Dodging        | 4 5 7 |  7.1
Invocations    | 3 4 5 |  5.8
Spellcasting   | |  1.0
Hexes          | |  2.0

Action                     |  1- 3 |  4- 6 |  7- 9 | 10-12 || total
---------------------------+-------+-------+-------+-------++-------
   Fire: Sling             |   116 |   103 |    12 |       ||   231
         Shortbow          |       |       |   190 |       ||   190
         Orcbow            |       |       |   232 |   437 ||   669
 Invoke: Heroism           |       |       |    10 |    24 ||    34
    Use: Scroll            |     9 |     2 |     8 |     3 ||    22
         Potion            |       |     1 |     1 |     3 ||     5
 Armour: Robe              |    11 |       |       |       ||    11
         Leather armour    |     2 |     7 |     1 |       ||    10
         Troll leather arm |       |       |    27 |    40 ||    67
         Steam dragon scal |       |       |     8 |       ||     8
  Dodge: Dodged            |    28 |    54 |   240 |   284 ||   606
  Block: Other             |       |       |       |    57 ||    57

Table legend:
 A = Non-vault XP
 B = Vault XP
 C = Vault XP percentage of total XP
 D = Non-vault monster count
 E = Vault monster count
 F = Vault count percentage of total count
                 A         B        C        D         E       F
            +---------+---------+-------+---------+---------+-------
      Total |   13633 |    6891 |  33.6 |     145 |      53 |  26.8
            +---------+---------+-------+---------+---------+-------
        D:1 |      39 |       4 |   9.3 |      19 |       2 |   9.5
        D:2 |      24 |       3 |  11.1 |      14 |       2 |  12.5
        D:3 |     119 |       0 |   0.0 |       6 |       0 |   0.0
        D:4 |     164 |     244 |  59.8 |       8 |      10 |  55.6
        D:5 |     511 |       5 |   1.0 |      13 |       1 |   7.1
        D:6 |     790 |    2027 |  72.0 |      17 |      15 |  46.9
        D:7 |    1030 |      19 |   1.8 |      14 |      10 |  41.7
        D:8 |     817 |    2318 |  73.9 |      13 |       6 |  31.6
     Lair:1 |    7054 |    2133 |  23.2 |      27 |       4 |  12.9
     Lair:2 |    3085 |       0 |   0.0 |      14 |       0 |   0.0
      Sewer |       0 |     138 | 100.0 |       0 |       3 | 100.0
            +---------+---------+-------+---------+---------+-------
